 Dungeon Crawl Stone Soup version 0.28.0-43-g3370ac3207 (webtiles) character file.

Game seed: 3986119847487385177

478335 Doot the Sorcerer (level 23, -28/108 HPs)
             Began as a Deep Elf Conjurer on Mar 19, 2022.
             Was the Champion of Kikubaaqudgha.
             Killed from afar by a fire giant (62 damage)
             ... with a fireball
             ... on level 4 of the Depths on Mar 20, 2022.
             The game lasted 04:15:40 (100767 turns).

Doot the Sorcerer (Deep Elf Conjurer)             Turns: 100767, Time: 04:15:57

Health: -28/108    AC: 15    Str: 10    XL:     23   Next: 66%
Magic:  21/64      EV: 14    Int: 45    God:    Kikubaaqudgha [******]
Gold:   5197       SH: 18    Dex: 13    Spells: 4/74 levels left

rFire   . . .      SeeInvis +   j - staff of cold
rCold   + . .      Faith    .   y - +5 kite shield
rNeg    + + +      Spirit   .   c - +0 troll leather armour
rPois   .          Reflect  .   R - +2 hat {Stlth+}
rElec   +          Harm     .   G - +3 cloak of the Valley of Death {Fly rElec rC- rN+++}
rCorr   .          Rampage  .   M - +2 pair of gloves
Will    +++..                   z - +0 pair of boots of the Orb Guardian {rElec rN++ MP+9 Str+3}
Stlth   ++++++....              g - amulet of Music {Regen+ Str+3}
HPRegen 1.88/turn               O - +6 ring of intelligence
MPRegen 0.39/turn               K - ring "Wukhoosh" {rC+ Will+ Int+4 SInv}

@: about to teleport, flying, studying Crossbows
A: thin skeletal structure 1, clumsy 1
}: 2/15 runes: barnacled, gossamer
a: Renounce Religion, Receive Corpses, Torment


You were on level 4 of the Depths.
You worshipped Kikubaaqudgha.
Kikubaaqudgha was exalted by your worship.
You visited 10 branches of the dungeon, and saw 46 of its levels.
You visited the Abyss 3 times.

You collected 6990 gold pieces.
You spent 1793 gold pieces at shops.

Inventory:

Hand Weapons
 a - the +8 war axe of Ravage {venom, rElec rPois rN+ Dex-5}
   (You bought it in a shop on level 9 of the Dungeon)

   It poisons the flesh of those it strikes.
   Dex:       It affects your dexterity (-5).
   rElec:     It insulates you from electricity.
   rPois:     It protects you from poison.
   rN:        It protects you from negative energy.
Missiles
 r - 10 throwing nets
Armour
 c - a +0 troll leather armour (worn)
 y - a +5 kite shield (worn)
 z - the +0 pair of boots of the Orb Guardian (worn) {rElec rN++ MP+9 Str+3}
   (You found it on level 10 of the Dungeon)

   Str:       It affects your strength (+3).
   rElec:     It insulates you from electricity.
   rN:        It greatly protects you from negative energy.
   MP:        It affects your magic capacity (+9).
 B - a +0 troll leather armour
 G - the +3 cloak of the Valley of Death (worn) {Fly rElec rC- rN+++}
   (You found it on level 9 of the Dungeon)

   rC:        It makes you vulnerable to cold.
   rElec:     It insulates you from electricity.
   rN:        It renders you almost immune to negative energy.
   Fly:       It grants you flight.
 M - a +2 pair of gloves (worn)
 R - a +2 hat of stealth (worn)
Magical Staves
 j - a staff of cold (weapon)
 S - a staff of fire
Jewellery
 g - the amulet of Music (around neck) {Regen+ Str+3}
   (You took it off a deep elf demonologist on level 3 of the Elven Halls)

   [amulet of regeneration]

   Str:       It affects your strength (+3).
   Regen:     It increases your rate of health regeneration.
 o - a +4 ring of protection
 t - an amulet of regeneration
 D - a ring of poison resistance
 J - a ring of magical power
 K - the ring "Wukhoosh" (right hand) {rC+ Will+ Int+4 SInv}
   (You took it off a deep elf archer on level 1 of the Elven Halls)

   [ring of protection from cold]

   Int:       It affects your intelligence (+4).
   rC:        It protects you from cold.
   SInv:      It lets you see invisible.
   Will:      It increases your willpower.
 O - a +6 ring of intelligence (left hand)
 W - a ring of wizardry
Wands
 l - a wand of paralysis (9)
 A - a wand of acid (20)
 C - a wand of digging (5)
 T - a wand of iceblast (11)
Scrolls
 b - 2 scrolls of blinking
 d - 12 scrolls of amnesia
 e - 4 scrolls of torment
 f - 12 scrolls of enchant weapon
 k - 5 scrolls of magic mapping
 m - 6 scrolls of immolation
 u - 4 scrolls of holy word
 v - 9 scrolls of teleportation
 x - 5 scrolls of enchant armour
 F - a scroll of fear
 H - 5 scrolls of fog
 I - 2 scrolls of brand weapon
 P - a scroll of summoning
 Y - 5 scrolls of silence
Potions
 h - 3 potions of resistance
 n - 2 potions of berserk rage
 p - 4 potions of haste
 s - 15 potions of curing
 w - 10 potions of ambrosia
 E - 3 potions of heal wounds
 L - 4 potions of brilliance
 N - 7 potions of attraction
 Q - 8 potions of cancellation
 U - a potion of experience
 V - 8 potions of lignification
 X - 4 potions of mutation
 Z - 6 potions of might
Miscellaneous
 i - a phantom mirror
 q - a piece from Xom's chessboard (15/15)


   Skills:
 + Level 3.6 Fighting
 + Level 1.2 Short Blades
 + Level 0.2(0.8) Axes
 + Level 1.1(1.2) Maces & Flails
 + Level 0.9(1.3) Staves
 + Level 4.6 Armour
 + Level 8.2 Dodging
 + Level 8.8 Stealth
 * Level 14.7 Shields
 + Level 26.2 Spellcasting
 + Level 20.0 Conjurations
 + Level 5.9 Hexes
 + Level 1.2 Summonings
 * Level 21.5 Necromancy
 + Level 13.5 Translocations
 + Level 5.5 Ice Magic
 + Level 5.3 Air Magic
 + Level 11.4 Earth Magic
 * Level 17.2 Evocations


You had 4 spell levels left.
You knew the following spells:

 Your Spells              Type           Power      Damage    Failure   Level
a - Magic Dart            Conj           100%       1d8       0%          1
b - Searing Ray           Conj           100%       2d8       0%          2
c - Iskenderun's Mystic   Conj/Tloc      100%       2d19      0%          4
d - Fulminant Prism       Conj/Hex       54%        3d23      1%          4
e - Sublimation of Blood  Necr           100%       N/A       0%          2
f - Borgnjor's Vile Clut  Necr/Erth      59%        N/A       1%          5
g - Dispel Undead         Necr           100%       3d31      0%          4
h - Freezing Cloud        Conj/Ice/Air   61%        6-21      1%          5
i - Simulacrum            Ice/Necr       67%        N/A       1%          6
j - Borgnjor's Revivific  Necr           64%        N/A       1%          8
k - Orb of Destruction    Conj           63%        9d15      1%          7
l - Iron Shot             Conj/Erth      58%        9d11      1%          6
m - Haunt                 Necr/Summ      51%        N/A       4%          7
n - Death's Door          Necr           64%        N/A       9%          9

Your spell library contained the following spells:

 Spells                   Type           Power      Damage    Failure   Level
 Animate Skeleton         Necr           100%       N/A       0%          1
 Foxfire                  Conj/Fire      100%       2x1d9     0%          1
 Pain                     Necr           100%       1d9       0%          1
 Shock                    Conj/Air       100%       1d9       0%          1
 Blink                    Tloc           100%       N/A       0%          2
 Corpse Rot               Necr/Air       100%       N/A       0%          2
 Dazzling Flash           Conj/Hex       100%       N/A       0%          3
 Gell's Gravitas          Tloc           100%       N/A       0%          3
 Lesser Beckoning         Tloc           100%       N/A       0%          3
 Teleport Other           Tloc           100%       N/A       0%          3
 Vampiric Draining        Necr           100%       2d13      0%          3
 Animate Dead             Necr           64%        N/A       0%          4
 Freeze                   Ice            100%       1d11      1%          1
 Sting                    Tmut/Pois      100%       1d8       1%          1
 Summon Small Mammal      Summ           100%       N/A       1%          1
 Call Imp                 Summ           63%        N/A       1%          2
 Poisonous Vapours        Pois/Air       100%       N/A       1%          2
 Call Canine Familiar     Summ           63%        N/A       1%          3
 Conjure Flame            Conj/Fire      99%        6-21      1%          3
 Frozen Ramparts          Ice            100%       1d12      1%          3
 Ignite Poison            Fire/Tmut/Pois 56%        N/A       1%          3
 Inner Flame              Hex/Fire       71%        N/A       1%          3
 Mephitic Cloud           Conj/Pois/Air  94%        N/A       1%          3
 Ozocubu's Armour         Ice            100%       N/A       1%          3
 Portal Projectile        Hex/Tloc       100%       N/A       1%          3
 Spider Form              Tmut/Pois      56%        N/A       1%          3
 Summon Guardian Golem    Hex/Summ       74%        N/A       1%          3
 Swiftness                Air            82%        N/A       1%          3
 Airstrike                Air            41%        N/A       1%          4
 Animate Armour           Summ/Erth      100%       N/A       1%          4
 Cause Fear               Hex            42%        N/A       1%          4
 Flame Wave               Conj/Fire      99%        2d16      1%          4
 Hailstorm                Conj/Ice       100%       3d20      1%          4
 Ice Form                 Ice/Tmut       90%        N/A       1%          4
 Leda's Liquefaction      Hex/Erth       47%        N/A       1%          4
 Petrify                  Tmut/Erth      84%        N/A       1%          4
 Olgreb's Toxic Radiance  Pois           56%        N/A       5%          4
 Agony                    Necr           100%       N/A       0%          5
 Excruciating Wounds      Necr           64%        N/A       0%          5
 Iskenderun's Battlesphe  Conj           100%       2d15      0%          5
 Death Channel            Necr           64%        N/A       0%          6
 Fireball                 Conj/Fire      49%        3d19      1%          5
 Lee's Rapid Deconstruct  Erth           52%        3d25*     1%          5
 Manifold Assault         Tloc           100%       N/A       1%          5
 Metabolic Englaciation   Hex/Ice        52%        N/A       1%          5
 Summon Forest            Summ/Tloc      45%        N/A       1%          5
 Conjure Ball Lightning   Conj/Air       53%        3x3d18    1%          6
 Infestation              Necr           64%        N/A       1%          8
 Summon Mana Viper        Hex/Summ       74%        N/A       3%          5
 Statue Form              Tmut/Erth      56%        N/A       9%          6
 Blade Hands              Tmut           28%        N/A       16%         5
 Malign Gateway           Summ/Tloc      45%        N/A       24%         7
 Necromutation            Tmut/Necr      51%        N/A       41%         8
 Ozocubu's Refrigeration  Ice            52%        4d15      43%         7
 Summon Cactus Giant      Summ           31%        N/A       45%         6
 Storm Form               Tmut/Air       35%        N/A       85%         7
 Discord                  Hex            42%        N/A       97%         8
 Ignition                 Fire           28%        3d9       100%        8
 Summon Horrible Things   Summ           31%        N/A       100%        8


Dungeon Overview and Level Annotations

Branches:
Dungeon (15/15)            Temple (1/1) D:5            Lair (6/6) D:10
 Shoals (4/4) Lair:2       Spider (4/4) Lair:2        Slime (0/5) Lair:5
    Orc (2/2) D:9             Elf (3/3) Orc:2        Vaults (4/5) D:13
  Crypt (3/3) Vaults:3     Depths (4/4) D:15
   Tomb: Crypt:3        Zot: Depths:4

Altars:
Dithmenos
Elyvilon
Fedhas
Kikubaaqudgha
Nemelex Xobeh
Okawaru
Trog
Uskayaw
The Shining One
Beogh

Shops:
D:1 *   D:4 *   D:9 (!(   D:11 ?   D:14 ([(   Orc:2 =:*=   Elf:1 :   Elf:2 (
Elf:3 ?   Shoals:2 :   Vaults:2 (

Portals:
Hell: Depths:1 Depths:2 Depths:3
Abyss: Depths:3
Pandemonium: Depths:1 Depths:2

Annotations:
Lair:4 2 transporters, exclusion: oklob plant, Ceyroiss's ghost, journeyman HuWn
Spider:4 2 transporters, Aviun's ghost, adept SpEn
Crypt:2 Jory


Innate Abilities, Weirdness & Mutations

You have a somewhat thin skeletal structure. (Dex +2, Stealth+)
You are clumsy. (Dex -2)


Message History

You feel strangely unstable. You block the spark wasp's attack.
The glowing orange brain pulsates.
The glowing orange brain radiates an aura of fear!
You resist with almost no effort.
You block the deep troll earth mage's attack.
The deep troll earth mage claws you but does no damage.
The deep troll earth mage misses you.
The spark wasp bursts into living lightning!
The living lightning hits the spark wasp.
The spark wasp completely resists.
The living lightning hits the spark wasp.
The spark wasp completely resists.
The living lightning misses you.
The spark wasp blinks!
Some rock shatters into small pieces.
The spark wasp misses you. You block the spark wasp's attack. x2
The cyan ugly thing basks in the mutagenic energy from its kin and changes!
You see here a scroll of identify.
Your surroundings suddenly seem different.
A juggernaut comes into view.
A juggernaut is nearby!
A fire giant comes into view.
It is wielding a +2 great sword of flaming.
You hear a grinding noise.
The fire giant shouts!
You hear a shout! x2; You hear a grinding noise.
A stone giant comes into view.
The fire giant drinks a potion.
The fire giant flickers and vanishes for a moment.
You hear a grinding noise.
The stone giant moves out of view.
The fire giant points at you and mumbles some strange words.
The bolt of fire hits you!!!
As you read the scroll of teleportation, it crumbles to dust.
You feel strangely unstable. You block the juggernaut's attack.
The juggernaut hits you but does no damage.
You hear a grinding noise.
The stone giant throws a large rock.
The large rock hits you!! The fire giant casts a spell at you.
The fireball explodes!
The fireball engulfs you!!!
Ouch! That really hurt!
You die...
Kikubaaqudgha rasps: "You have failed me!
Welcome... death!"

### # #.......# # #.......#. #
#.......' # #.......# .# . #
#.......# ..# .
##########.......# G..#
.)...#...#.......######...#
.....#.#...#'#..@....#....## #
........#.........C..C#....# .
.......)#..#...♣......#C.#.# .
......##.##.#......C##.##..# .
..†..#..#..#.......#..#..C.# .###
........#..#..######..#....##.#..
###......###.## ..###.#.#..C.#..
. #.......#..# .......#..#....#..
#.......#..# #####..........#..


You could see a juggernaut, a fire giant (invisible) and a stone giant.

Vanquished Creatures
  An ancient lich (Crypt:1)
  Mennas (Crypt:2)
  Bai Suzhen (Spider:4)
  Xtahua (Depths:3)
  Rupert (Orc:2)
  A Tzitzimitl (Depths:2)
  6 liches
  Asterion (Spider:2)
  A quicksilver dragon (Depths:3)
  Mlioglotl (Spider:1)
  3 deep elf blademasters
  2 titans
  4 deep elf master archers (Elf:3)
  Gastronok (D:10)
  3 sphinxes
  2 krakens
  4 tentacled starspawn
  2 ancient champions (Crypt:2)
  Agnes (Elf:2)
  Kirke (Shoals:3)
  A revenant (Crypt:1)
  3 shadow dragons
  2 tengu reavers
  9 emperor scorpions
  8 frost giants
  7 deep elf sorcerers
  4 fire giants
  11 vault wardens
  An iron dragon (Depths:3)
  4 ghost moths
  2 orc warlords
  Aizul (Shoals:1)
  2 deep elf elementalists (Elf:3)
  A spriggan defender (Depths:2)
  8 ghouls
  3 curse skulls (Crypt:1)
  13 very ugly things
  2 broodmothers
  A stone giant (shapeshifter) (Depths:3)
  2 war gargoyles (Vaults:4)
  20 ironbound preservers
  5 stone giants
  5 vampire knights
  11 ironbound thunderhulks
  A white draconian (Depths:4)
  5 deep elf annihilators
  A caustic shrike skeleton (Depths:1)
  6 deep elf demonologists
  A black draconian (Depths:4)
  12 dire elephants
  8 entropy weavers
  8 spark wasps
  2 green draconians
  2 yellow draconians (Depths:4)
  An entropy weaver (shapeshifter) (Depths:2)
  Azrael (D:15)
  12 deep elf death magi
  4 ettins
  4 eidola (Crypt:1)
  A crystal guardian (Vaults:4)
  7 fire dragons
  4 jiangshi
  5 merfolk javelineers
  Josephine (D:12)
  7 deep elf high priests
  13 merfolk impalers
  17 yaktaur captains
  A boulder beetle (shapeshifter) (D:15)
  5 spriggan air magi
  8 boulder beetles
  4 great orbs of eyes
  3 ice dragons
  Fannar (Lair:3)
  10 hydras
  A juggernaut simulacrum (Crypt:1)
  A radroach (Spider:2)
  4 rakshasas
  5 peacekeepers
  4 death knights
  An ogre mage (D:13)
  4 catoblepae
  3 vault guards (Vaults:1)
  8 ironbound frosthearts
  Harold (D:7)
  4 merfolk avatars
  2 alligator snapping turtles
  2 jorogumos
  Erica (Lair:1)
  A tengu warrior (Depths:2)
  24 dancing weapons
  5 two-headed ogres
  4 merfolk aquamancers (Shoals:4)
  6 vampire magi
  22 centaur warriors
  A satyr (Shoals:3)
  2 deep troll shamans
  5 death yaks (Lair:6)
  8 thrashing horrors
  2 deep troll earth magi (Depths:2)
  2 hell knights
  2 soul eaters (Crypt:2)
  4 sun demons
  21 deep elf knights
  4 wretched stars
  10 shadow wraiths
  2 sixfirhies
  A spatial maelstrom (Abyss:3)
  10 pharaoh ants
  4 iron trolls
  24 skeletal warriors
  2 goliath frogs (Lair:6)
  2 flayed ghosts
  4 shadow demons
  4 bog bodies (Crypt:1)
  8 sea snakes
  2 glowing orange brains
  58 deep trolls
  7 steelbarb worms
  A bunyip skeleton (Crypt:1)
  A steelbarb worm (shapeshifter) (Vaults:4)
  3 starcursed masses (Abyss:3)
  20 deep elf archers
  6 orb spiders
  15 wizards
  12 ironbound convokers
  30 deep elf zephyrmancers
  16 phantasmal warriors
  4 necromancers
  14 large abominations
  7 lindwurms
  32 wolf spiders
  31 harpies
  12 manticores
  9 orc knights
  A mana viper (shapeshifter) (Depths:3)
  46 ugly things
  2 fauns (Shoals:2)
  38 deep elf pyromancers
  7 worldbinders
  10 cyclopes
  3 moths of wrath
  Maurice (Orc:1)
  22 elephants
  13 water nymphs
  Joseph (D:7)
  2 black mambas
  5 centaur zombies
  A frost giant skeleton (Depths:1)
  A rust devil (Depths:1)
  An alligator snapping turtle zombie (Crypt:1)
  8 merfolk sirens
  22 vault sentinels
  A guardian serpent (Depths:4)
  2 smoke demons (Abyss:3)
  4 gargoyles (Crypt:3)
  18 cane toads
  5 torpor snails
  Maggie (D:8)
  7 demonic crawlers
  10 komodo dragons
  33 yaktaurs
  A kobold demonologist (D:10)
  4 freezing wraiths
  Psyche (D:8)
  3 tengu conjurers
  An ice devil (Abyss:3)
  4 efreet
  3 rime drakes
  4 ancient zymes
  6 trolls
  A pale draconian skeleton (Crypt:1)
  A harpy zombie (Crypt:1)
  A polar bear (Lair:4)
  27 meliai
  32 merfolk
  11 wind drakes
  3 tyrant leeches (Lair:6)
  A wolf spider simulacrum (D:14)
  A queen bee (shapeshifter) (Abyss:2)
  6 raiju (Abyss:3)
  A hornet (Lair:3)
  27 slime creatures
  A harpy skeleton (Crypt:1)
  A tarantella (shapeshifter) (Abyss:3)
  24 tarantellas
  10 blink frogs
  An ettin zombie (Depths:1)
  A radroach zombie (Crypt:2)
  7 snapping turtles
  15 dream sheep
  14 flying skulls
  An ice dragon skeleton (Crypt:1)
  26 jumping spiders
  A jumping spider (shapeshifter) (Elf:3)
  A shadow (Crypt:3)
  4 ynoxinuls
  7 air elementals
  A dire elephant simulacrum (Abyss:2)
  23 culicivoras
  26 water elementals
  35 yaks
  5 hogs (Shoals:3)
  13 wraiths
  5 wyverns
  7 basilisks
  6 vampires
  7 fire elementals
  67 redbacks
  3 neqoxecs
  The ghost of Tali the Chopper, an amateur DsBe of Trog (D:4)
  A steam dragon (D:5)
  12 vampire mosquitoes
  2 humans (D:10)
  7 chaos spawn
  4 wargs
  A water nymph zombie (Crypt:2)
  An acid dragon (D:9)
  A floating eye (Depths:2)
  A deep troll skeleton (Crypt:1)
  3 hell hounds (D:15)
  6 water moccasins
  39 orc warriors
  2 ice beasts
  A black bear (D:4)
  6 necrophages
  8 ogres
  A boggart (Vaults:1)
  3 wolves (Lair:3)
  32 centaurs
  3 phantoms
  An elf zombie (Crypt:1)
  A kobold brigand (D:10)
  2 gnoll sergeants
  A wyvern zombie (D:4)
  23 bullfrogs
  3 scorpions (D:6)
  2 earth elementals (Elf:1)
  A draconian skeleton (Crypt:1)
  A water moccasin zombie (D:9)
  2 wyvern skeletons (D:7)
  A wolf zombie (Crypt:2)
  7 howler monkeys
  5 wights (D:9)
  4 electric eels
  3 crimson imps (Abyss:3)
  A bullfrog zombie (D:4)
  A basilisk zombie (Crypt:2)
  3 quasits
  Crazy Yiuf (D:7)
  A gnoll shaman (D:4)
  2 hounds (D:5)
  2 centaur skeletons
  16 jellies
  2 bullfrog skeletons
  An iguana (D:7)
  18 orc priests
  18 orc wizards
  2 polar bear simulacra (Lair:5)
  2 yak simulacra (Lair:5)
  11 small abominations
  3 wolf simulacra (Lair:5)
  A hound skeleton (D:5)
  17 gnolls
  A howler monkey skeleton (D:6)
  8 adders
  A shadow imp (D:8)
  3 white imps
  3 ufetubi
  A halfling zombie (Crypt:2)
  A lava snake zombie (Crypt:2)
  2 worms (D:3)
  A barachi skeleton (Crypt:1)
  4 dart slugs
  70 orcs
  5 bats
  10 endoplasms
  3 giant cockroaches
  13 goblins
  12 hobgoblins
  2 jackals (D:1)
  9 kobolds
  A quokka (D:4)
  3 ball pythons
  2 frilled lizards
  A goblin skeleton (Crypt:1)
  A jackal skeleton (Crypt:2)
  A kobold skeleton (Crypt:2)
  5 rats
  4 river rat simulacra (Lair:5)
  A lurking horror (Abyss:2)
  2 starspawn tentacles (Abyss:3)
  2 tentacles
2006 creatures vanquished.

Vanquished Creatures (collateral kills)
  Mara (Depths:3)
  Frederick (Depths:3)
2 creatures vanquished.

Vanquished Creatures (others)
  A deep elf pyromancer (Elf:3)
  2 golden eyes (Abyss:3)
  2 small abominations (Abyss:3)
  An ice beast (D:5)
  An ogre (D:5)
  A quokka (D:11)
  129 fulminant prisms
  64 fungi
  214 plants
  8 starspawn tentacles (Abyss:3)
  22 tentacles
  62 withered plants
507 creatures vanquished.

Grand Total: 2515 creatures vanquished

Notes
Turn   | Place    | Note
-------+----------+-------------------------------------------
     0 | D:1      | Doot the Deep Elf Conjurer began the quest for the Orb.
     0 | D:1      | Reached XP level 1. HP: 10/10 MP: 6/6
   237 | D:1      | Reached XP level 2. HP: 15/15 MP: 5/8
   271 | D:1      | Found Guzumm Walech's Assorted Antiques.
   374 | D:1      | Learned a level 2 spell: Searing Ray
   580 | D:1      | Reached skill level 5 in Conjurations
  1017 | D:2      | Reached XP level 3. HP: 19/19 MP: 5/9
  1522 | D:2      | Found a faded altar of an unknown god.
  1737 | D:3      | Reached XP level 4. HP: 24/24 MP: 5/11
  1742 | D:3      | Learned a level 4 spell: Iskenderun's Mystic Blast
  2546 | D:4      | Found Sysuarch's Mayhem Merchandise.
  2632 | D:4      | Noticed a necrophage
  2645 | D:4      | Killed a necrophage
  2646 | D:4      | Reached skill level 4 in Spellcasting
  2646 | D:4      | Reached XP level 5. HP: 21/28 MP: 2/13
  3125 | D:4      | Reached skill level 5 in Spellcasting
  3248 | D:4      | Found a runed translucent gate.
  3248 | D:4      | Found a runed translucent gate.
  3248 | D:4      | Found a runed translucent gate.
  3254 | D:4      | Noticed Tali's ghost (amateur DsBe)
  3279 | D:4      | Noticed a phantom
  3583 | D:4      | Noticed a black bear
  3823 | D:4      | Reached XP level 6. HP: 32/32 MP: 10/15
  3839 | D:5      | Entered Level 5 of the Dungeon
  3995 | D:5      | Found a staircase to the Ecumenical Temple.
  4004 | Temple   | Entered the Ecumenical Temple
  4036 | Temple   | Became a worshipper of Kikubaaqudgha
  4177 | D:5      | Reached skill level 6 in Spellcasting
  4303 | D:5      | Noticed a steam dragon
  4327 | D:5      | Reached XP level 7. HP: 35/36 MP: 11/18
  4569 | D:5      | Reached skill level 7 in Spellcasting
  5109 | D:6      | Reached skill level 8 in Spellcasting
  5131 | D:6      | Reached XP level 8. HP: 32/41 MP: 16/22
  5154 | D:6      | Learned a level 4 spell: Fulminant Prism
  5915 | D:6      | Reached skill level 9 in Spellcasting
  6236 | D:6      | Reached skill level 5 in Stealth
  6312 | D:6      | Reached skill level 1 in Fighting
  6315 | D:6      | Reached skill level 10 in Spellcasting
  7296 | D:5      | Reached XP level 9. HP: 41/47 MP: 17/25
  8183 | D:6      | Reached skill level 5 in Dodging
  8183 | D:6      | Reached skill level 1 in Translocations
  8771 | D:6      | Reached skill level 1 in Hexes
  9340 | D:7      | Reached skill level 11 in Spellcasting
  9443 | D:7      | Reached * piety under Kikubaaqudgha
  9443 | D:7      | Received a gift from Kikubaaqudgha
  9520 | D:7      | Learned a level 2 spell: Sublimation of Blood
  9578 | D:7      | Noticed Joseph
  9624 | D:7      | Killed Joseph
  9625 | D:7      | Reached skill level 10 in Conjurations
  9625 | D:7      | Reached skill level 1 in Necromancy
 10091 | D:7      | Found a bloodstained altar of Trog.
 10175 | D:7      | Noticed Harold
 10325 | D:7      | Killed Harold
 10326 | D:7      | Reached XP level 10. HP: 19/53 MP: 3/27
 10552 | D:7      | Found a runed translucent door.
 10553 | D:7      | Noticed Crazy Yiuf
 10576 | D:7      | Killed Crazy Yiuf
 10932 | D:8      | Noticed Psyche
 10949 | D:8      | Paralysed by something for 6 turns
 11308 | D:8      | Noticed a two-headed ogre
 11310 | D:8      | Noticed Maggie
 11311 | D:8      | Reached skill level 1 in Short Blades
 11458 | D:8      | Killed a two-headed ogre
 11560 | D:8      | Killed Psyche
 11560 | D:8      | Killed Maggie
 11561 | D:8      | Reached skill level 12 in Spellcasting
 12233 | D:9      | Reached ** piety under Kikubaaqudgha
 12241 | D:9      | Reached skill level 5 in Necromancy
 12492 | D:9      | Found a sparkling altar of Nemelex Xobeh.
 12518 | D:9      | Reached skill level 5 in Translocations
 12602 | D:9      | Found Jeadd's Antique Weapon Emporium.
 12610 | D:9      | Identified the +3 cloak of the Valley of Death {Fly rElec
                  | rC- rN+++}
 12653 | D:9      | Bought an iridescent war axe for 238 gold pieces
 12653 | D:9      | Identified the +8 war axe of Ravage {venom, rElec rPois rN+
                  | Dex-5} (You bought it in a shop on level 9 of the Dungeon)
 12702 | D:9      | Found a staircase to the Orcish Mines.
 12821 | D:9      | Found Banimy's Distillery.
 12821 | D:9      | You are sucked into a shaft and drop 1 floor!
 12821 | D:10     | Entered Level 10 of the Dungeon
 12825 | D:10     | Found an iron altar of Okawaru.
 13013 | D:10     | Reached XP level 11. HP: 57/57 MP: 9/29
 13634 | D:10     | Noticed a rakshasa
 13637 | D:10     | Identified the +1 robe of Koent {rC+}
 13662 | D:10     | Killed a rakshasa
 13933 | D:10     | Noticed a skeletal warrior
 13954 | D:10     | Killed a skeletal warrior
 14308 | D:10     | Noticed a death knight
 14638 | D:10     | Noticed an eight-headed hydra
 14644 | D:10     | Killed an eight-headed hydra
 14645 | D:10     | Reached skill level 13 in Spellcasting
 14998 | D:10     | Noticed Gastronok
 15130 | D:11     | Found a white marble altar of Elyvilon.
 15130 | D:11     | Noticed a boulder beetle
 15358 | Orc:1    | Entered Level 1 of the Orcish Mines
 15378 | Orc:1    | Noticed an orc knight
 15387 | Orc:1    | Reached *** piety under Kikubaaqudgha
 15387 | Orc:1    | Received a gift from Kikubaaqudgha
 15534 | D:9      | Killed an orc knight
 16208 | D:9      | Found Niajyot's Weapon Shop.
 16808 | D:10     | Killed Gastronok
 16809 | D:10     | Reached XP level 12. HP: 62/62 MP: 2/31
 16967 | D:10     | Found a staircase to the Lair.
 17374 | D:11     | Reached skill level 14 in Spellcasting
 18155 | Orc:1    | Noticed Maurice
 18163 | Orc:1    | Killed Maurice
 18172 | Orc:1    | Learned a level 5 spell: Borgnjor's Vile Clutch
 18361 | Orc:1    | Reached **** piety under Kikubaaqudgha
 18844 | Orc:2    | Entered Level 2 of the Orcish Mines
 18844 | Orc:2    | Noticed Rupert
 18916 | Orc:2    | Noticed an orc warlord
 19501 | Lair:1   | Entered Level 1 of the Lair of Beasts
 19504 | Lair:1   | Noticed Erica
 19514 | Lair:1   | Killed Erica
 19923 | Lair:1   | Noticed a six-headed hydra
 20123 | D:4      | Killed Tali's ghost
 20236 | D:4      | Learned a level 4 spell: Dispel Undead
 20248 | D:4      | Bought the +6 shillelagh "Devastator" {shatter} for 720
                  | gold pieces
 20248 | D:4      | Found the +6 shillelagh "Devastator" {shatter}
 20890 | Lair:1   | Killed a six-headed hydra
 21261 | Lair:2   | Reached skill level 1 in Evocations
 21627 | Lair:2   | Noticed a boulder beetle
 21693 | Lair:2   | Noticed a catoblepas
 21708 | Lair:2   | Killed a catoblepas
 21723 | Lair:2   | Reached skill level 15 in Spellcasting
 22323 | Lair:2   | Found a hole to the Spider Nest.
 22389 | Lair:2   | Killed a boulder beetle
 22543 | Lair:2   | Found a staircase to the Shoals.
 22911 | Lair:3   | Learned a level 5 spell: Freezing Cloud
 22938 | Lair:3   | Noticed Fannar
 23257 | Lair:3   | Killed Fannar
 24048 | Lair:4   | Reached skill level 5 in Hexes
 24048 | Lair:4   | Reached XP level 13. HP: 67/67 MP: 27/34
 24730 | Lair:4   | Noticed Ceyroiss's ghost (journeyman HuWn)
 24773 | Lair:4   | You are sucked into a shaft and drop 2 floors!
 24773 | Lair:6   | Entered Level 6 of the Lair of Beasts
 25445 | Lair:4   | Found a transporter.
 25448 | Lair:4   | Found a transporter.
 26022 | Lair:5   | Found a staircase to the Slime Pits.
 26418 | Lair:5   | Reached ***** piety under Kikubaaqudgha
 26419 | Lair:5   | Reached skill level 10 in Necromancy
 27047 | Lair:6   | Learned a level 6 spell: Simulacrum
 27066 | Lair:6   | Reached skill level 5 in Evocations
 27128 | Lair:6   | Reached skill level 16 in Spellcasting
 27331 | Lair:6   | Reached skill level 1 in Air Magic
 27604 | Lair:6   | Reached skill level 1 in Maces & Flails
 27807 | Lair:6   | Reached skill level 1 in Earth Magic
 28267 | Lair:6   | Reached XP level 14. HP: 72/72 MP: 21/36
 28394 | Lair:6   | Reached skill level 10 in Translocations
 28782 | Lair:6   | Reached skill level 1 in Ice Magic
 29978 | Lair:6   | Identified the ring of Xom's Recklessness {rN+ Stlth+}
 30383 | Lair:6   | Identified the +0 scale mail "Wozok" {Rampage Regen+ Int-3
                  | Slay+2}
 31173 | Orc:2    | Reached skill level 17 in Spellcasting
 31195 | Orc:2    | Killed an orc warlord
 31491 | Orc:2    | HP: 1/72 [orc knight/bolt (11)]
 32292 | D:11     | Found Wuogoos's Magic Scroll Boutique.
 32854 | D:12     | Reached skill level 1 in Shields
 33083 | D:12     | Noticed Josephine
 33312 | D:12     | Killed Josephine
 33696 | D:13     | Reached ****** piety under Kikubaaqudgha
 33697 | D:13     | Received a gift from Kikubaaqudgha
 33707 | D:13     | Learned a level 8 spell: Borgnjor's Revivification
 34635 | D:12     | Reached XP level 15. HP: 72/77 MP: 34/38
 34829 | Shoals:1 | Entered Level 1 of the Shoals
 34855 | Shoals:1 | Noticed Aizul
 34879 | Shoals:1 | Killed Aizul
 35164 | Shoals:1 | Reached skill level 1 in Armour
 36327 | Shoals:2 | Found Jaollued's Book Shoppe.
 36331 | Shoals:2 | Bought a book of the Spheres for 594 gold pieces
 36339 | Shoals:2 | Learned a level 7 spell: Orb of Destruction
 36637 | Shoals:2 | Identified the +1 pair of boots "Wiel" {Will+}
 37759 | Shoals:2 | Reached skill level 18 in Spellcasting
 38106 | Shoals:3 | Reached skill level 15 in Conjurations
 39147 | Shoals:3 | Noticed Kirke
 39173 | Shoals:3 | Killed Kirke
 40061 | Shoals:4 | Entered Level 4 of the Shoals
 40061 | Shoals:4 | Found a blossoming altar of Fedhas.
 41015 | Shoals:4 | Reached XP level 16. HP: 64/83 MP: 26/40
 41341 | Shoals:4 | Identified the +2 flail "Werywop" {drain, Str+6}
 41341 | Shoals:4 | Identified the +2 scimitar "Vukkotirgh" {venom, *Noise
                  | +Blink rN+ Str+4}
 41737 | Shoals:4 | Noticed a titan
 41880 | Shoals:4 | Reached skill level 5 in Earth Magic
 42137 | Shoals:4 | Paralysed by an air elemental for 1 turns
 42139 | Shoals:4 | Paralysed by an air elemental for 1 turns
 42319 | Shoals:4 | Paralysed by an air elemental for 1 turns
 42327 | Shoals:4 | Paralysed by an air elemental for 1 turns
 42739 | Shoals:4 | Noticed a kraken
 42840 | Shoals:4 | Killed a kraken
 42841 | Shoals:4 | Reached skill level 19 in Spellcasting
 43162 | Shoals:4 | Reached skill level 5 in Shields
 43273 | Shoals:4 | Reached skill level 10 in Evocations
 43997 | Shoals:4 | Killed a titan
 44075 | Shoals:4 | Got a barnacled rune of Zot
 44645 | D:10     | Identified the +0 pair of boots of the Orb Guardian {rElec
                  | rN++ MP+9 Str+3}
 45168 | D:13     | Found a gate to the Vaults.
 45492 | D:14     | Found Setirown's Antique Weapon Emporium.
 45583 | D:14     | Found Ymisevakh's Weapon Emporium.
 45897 | D:14     | Found Nypenk's Armour Boutique.
 46355 | D:14     | Bought a +1 pair of gloves for 184 gold pieces
 46372 | D:15     | Entered Level 15 of the Dungeon
 46723 | D:15     | Found a hide-covered altar of Uskayaw.
 46749 | D:15     | Noticed Azrael
 46763 | D:15     | Killed Azrael
 47118 | D:15     | Reached XP level 17. HP: 52/87 MP: 30/42
 47969 | D:15     | Reached skill level 15 in Necromancy
 48075 | D:15     | Found a staircase to the Depths.
 48375 | Vaults:1 | Entered Level 1 of the Vaults
 48619 | Vaults:1 | Reached skill level 20 in Spellcasting
 48849 | Spider:1 | Entered Level 1 of the Spider Nest
 49768 | Orc:2    | Found Hemub's Book Boutique.
 49768 | Orc:2    | Found Vann's General Store.
 49770 | Orc:2    | Found Kerasm's Jewellery Shoppe.
 49772 | Orc:2    | Found Lagot's Jewellery Shop.
 49839 | Orc:2    | Paralysed by Rupert for 5 turns
 49846 | Orc:2    | Killed Rupert
 50096 | Orc:2    | Found a staircase to the Elven Halls.
 50394 | Elf:1    | Entered Level 1 of the Elven Halls
 50404 | Elf:1    | Learned a level 8 spell: Infestation
 51174 | Elf:1    | Identified the +2 leather armour "Mimah" {rF+}
 51176 | Elf:1    | Found Qudaibrum's Book Shop.
 51315 | Elf:1    | Cast into level 3 of the Abyss (a deep elf demonologist)
 51438 | Abyss:3  | Noticed a kraken
 51443 | Abyss:3  | Noticed a tentacled monstrosity
 51445 | Abyss:3  | Killed a kraken
 51445 | Abyss:3  | Noticed a tentacled monstrosity
 51557 | Abyss:3  | Noticed a lich
 51611 | Abyss:3  | Killed a lich
 51701 | Abyss:3  | Noticed an ancient lich
 52531 | Elf:1    | Escaped the Abyss
 53516 | Elf:1    | Found a runed translucent door.
 53516 | Elf:1    | Found a runed translucent door.
 54189 | Elf:1    | Identified the ring "Wukhoosh" {rC+ Will+ Int+4 SInv}
 54488 | Elf:2    | Reached XP level 18. HP: 92/92 MP: 44/44
 54654 | Elf:2    | Noticed Agnes
 54954 | Elf:2    | Killed Agnes
 55217 | Elf:2    | Found a runed translucent gate.
 55217 | Elf:2    | Found a runed translucent gate.
 55220 | Elf:2    | Found a runed translucent gate.
 55685 | Elf:2    | Found Ufiquso's Weapon Shop.
 56138 | Elf:2    | Reached skill level 21 in Spellcasting
 59177 | Vaults:1 | Learned a level 6 spell: Iron Shot
 59537 | Vaults:1 | Identified a scroll of acquirement
 60513 | Vaults:1 | Reached XP level 19. HP: 96/96 MP: 46/46
 61325 | Vaults:2 | Reached skill level 22 in Spellcasting
 62287 | Vaults:2 | Found Peles's Weapon Emporium.
 65871 | Vaults:3 | Found a staircase to the Crypt.
 65873 | Vaults:3 | Acquired a book of Unlife
 65875 | Vaults:3 | Acquired a manual of Shields
 66983 | Vaults:3 | Reached XP level 20. HP: 101/101 MP: 39/48
 67166 | Vaults:3 | Identified the +3 robe "Voxuo" {rC+ Will+ Dex-3 Slay+3}
 67184 | Vaults:3 | Reached skill level 5 in Ice Magic
 68346 | Vaults:4 | Cast into level 3 of the Abyss (a wizard)
 69091 | Abyss:3  | Noticed a bone dragon
 69103 | Vaults:4 | Escaped the Abyss
 69384 | Vaults:4 | Reached skill level 23 in Spellcasting
 69981 | Vaults:4 | Reached skill level 10 in Shields
 71408 | Vaults:4 | Reached skill level 5 in Air Magic
 73129 | Crypt:1  | Entered Level 1 of the Crypt
 74507 | Crypt:1  | Noticed an ancient lich
 74706 | Crypt:1  | Reached XP level 21. HP: 80/105 MP: 42/50
 74920 | Crypt:1  | Identified the +10 scimitar of Ancient Evil {flame, Will+
                  | Dex+2}
 74968 | Crypt:1  | Killed an ancient lich
 75254 | Crypt:2  | Noticed Mennas
 75322 | Crypt:3  | Entered Level 3 of the Crypt
 75978 | Crypt:2  | Killed Mennas
 75979 | Crypt:2  | Reached skill level 24 in Spellcasting
 75979 | Crypt:2  | Reached skill level 15 in Evocations
 76842 | Crypt:2  | Noticed Jory
 76852 | Crypt:2  | Learned a level 7 spell: Haunt
 76865 | Crypt:2  | HP: 4/100 [Jory/crystal spear (69)]
 78686 | Spider:1 | Noticed Mlioglotl
 78703 | Spider:1 | Killed Mlioglotl
 79606 | Spider:2 | Noticed Asterion
 81580 | Spider:2 | Killed Asterion
 82346 | Spider:3 | HP: 5/100 [something (4)]
 83711 | Spider:3 | Reached XP level 22. HP: 104/104 MP: 39/52
 84402 | Spider:4 | Entered Level 4 of the Spider Nest
 84415 | Spider:4 | Noticed Bai Suzhen
 84430 | Spider:4 | Killed Bai Suzhen
 85240 | Spider:4 | Found a transporter.
 85244 | Spider:4 | Noticed Aviun's ghost (adept SpEn)
 85251 | Spider:4 | Found a transporter.
 85978 | Elf:3    | Entered Level 3 of the Elven Halls
 86022 | Elf:3    | Paralysed by an air elemental for 1 turns
 86097 | Elf:3    | Learned a level 9 spell: Death's Door
 86170 | Elf:3    | Found Vuziquom's Magic Scroll Emporium.
 86175 | Elf:3    | Bought a scroll of teleportation for 57 gold pieces
 86748 | Elf:3    | Reached skill level 10 in Earth Magic
 86887 | Elf:3    | Identified the +7 flail "Hitzu" {elec, Fragile Str+4 Dex+4}
 87114 | Elf:3    | Cast into level 2 of the Abyss (a deep elf sorcerer)
 87757 | Elf:3    | Escaped the Abyss
 88026 | Elf:3    | Identified the +9 falchion "Zydoraid" {vorpal, rCorr Str+3}
 88026 | Elf:3    | Identified the amulet of Music {Regen+ Str+3}
 88049 | Elf:3    | Reached skill level 25 in Spellcasting
 88589 | Elf:3    | Identified the +2 pair of boots "Xoidial" {Will+}
 88863 | Elf:3    | Identified the +2 pair of gloves "Oxkais" {rF- rN+ Str+2}
 88870 | Elf:3    | Got the Disquisition on Poisoning and Orientation
 88880 | Elf:3    | Identified the +7 fustibalus of the Middle {venom, rElec}
 88885 | Elf:3    | Identified the +2 quarterstaff of Domination {spect, +Blink
                  | rPois MP+9 Stlth-}
 88889 | Elf:3    | Identified the +8 chain mail of the Evil One {rN+}
 92248 | Spider:4 | Got a gossamer rune of Zot
 92665 | Depths:1 | Entered Level 1 of the Depths
 92707 | Depths:1 | Found a gateway to Hell.
 92728 | Depths:1 | Gained mutation: You have a somewhat thin skeletal
                  | structure. (Dex +2, Stealth+) [potion of mutation]
 92728 | Depths:1 | Gained mutation: Armour fits poorly on your strangely
                  | shaped body. [potion of mutation]
 92728 | Depths:1 | Gained mutation: You sometimes lose the ability to read
                  | scrolls when taking damage. [potion of mutation]
 92728 | Depths:1 | Gained mutation: You have sharp toenails. [potion of
                  | mutation]
 92729 | Depths:1 | Lost mutation: You sometimes lose the ability to read
                  | scrolls when taking damage. [potion of mutation]
 92729 | Depths:1 | Lost mutation: Armour fits poorly on your strangely shaped
                  | body. [potion of mutation]
 92729 | Depths:1 | Lost mutation: You have a somewhat thin skeletal structure.
                  | (Dex +2, Stealth+) [potion of mutation]
 92729 | Depths:1 | Gained mutation: You occasionally shout uncontrollably at
                  | your foes. [potion of mutation]
 92729 | Depths:1 | Gained mutation: You are dopey. (Int -2) [potion of
                  | mutation]
 92730 | Depths:1 | Lost mutation: You have sharp toenails. [potion of
                  | mutation]
 92730 | Depths:1 | Lost mutation: You occasionally shout uncontrollably at
                  | your foes. [potion of mutation]
 92730 | Depths:1 | Lost mutation: You are dopey. (Int -2) [potion of mutation]
 92730 | Depths:1 | Gained mutation: You are clumsy. (Dex -2) [potion of
                  | mutation]
 92730 | Depths:1 | Gained mutation: You have a somewhat thin skeletal
                  | structure. (Dex +2, Stealth+) [potion of mutation]
 92880 | Depths:1 | Found an ancient bone altar of Kikubaaqudgha.
 94040 | Depths:1 | Found a one-way gate leading to the halls of Pandemonium.
 94712 | Depths:2 | Reached XP level 23. HP: 104/108 MP: 50/54
 95530 | Depths:2 | Paralysed by a floating eye for 3 turns
 97393 | Depths:2 | Found a shadowy altar of Dithmenos.
 97602 | Depths:3 | Noticed Frederick
 97613 | Depths:3 | Killed Frederick
 98727 | Depths:3 | Reached skill level 26 in Spellcasting
 98918 | Depths:3 | Noticed Mara
 98923 | Depths:3 | Noticed Doot's illusion
 98960 | Depths:4 | Entered Level 4 of the Depths
 99169 | Depths:3 | Noticed Doot's illusion
 99179 | Depths:3 | Killed Mara
 99545 | Depths:3 | Noticed Xtahua
 99564 | Depths:3 | Killed Xtahua
 99771 | Depths:3 | Reached skill level 1 in Summonings
 99863 | Depths:3 | Found a one-way gate to the infinite horrors of the Abyss.
100609 | Depths:4 | Identified the ring "Qubb" {rC+ Str+4}
100757 | Depths:4 | Noticed a juggernaut
100767 | Depths:4 | Killed from afar by a fire giant

Illustrated notes

Levels and vault maps discovered:
D:1:      dpeg_arrival_radiant, layout_basic, serial_shops,
          nicolae_diamond_shop, minivault_4
D:2:      layout_rooms, shapermc_ecumenical_altar_hornbeckon
D:3:      layout_basic
D:4:      layout_basic, gammafunk_ghost_necromancy, minmay_shop_mayhem
D:5:      minmay_polygon_palace, layout_basic, lemuel_temple_firewalk_a
D:6:      layout_cave_pods
D:7:      layout_cave_pods, trog_book, uniq_joseph, uniq_harold,
          uniq_crazy_yiuf_cottage
D:8:      layout_basic, uniq_maggie, uniq_psyche
D:9:      layout_basic, nemelex_xobeh_ov_fountains_minmay,
          minmay_orc_entry_temple_small, serial_shops,
          nicolae_shop_advertising_works [nicolae_subvault_shop_adworks],
          nicolae_shop_bloodbath_and_beyond, nicolae_shop_statue_plus,
          water_boxes_lemuel
D:10:     minmay_chambers_of_sevens, layout_basic, okawaru_humans,
          lair_entry_dummy, uniq_gastronok
D:11:     layout_grid_maze, serial_shops, nicolae_shop_statue_plus,
          elyvilon_altar_4
D:12:     layout_rooms, uniq_josephine
D:13:     layout_cave_pools, hangedman_vaults_entry_quadrant_bands
D:14:     kennysheep_big_flooded_room, layout_rooms, serial_shops, shop,
          nicolae_stop_n_shop_1, nicolae_shop_crystal, minmay_misc_feat_hallway
D:15:     gammafunk_enter_depths_forms, layout_stronghold,
          nicolae_uskayaw_murder_on_the_dancefloor, uniq_azrael
Temple:   mainiacjoe_temple_bowtie_tessellation
Lair:1:   layout_regular_city, columned_hall_lemuel, serial_bayou_lagoon_a,
          lemuel_fruit_tree, uniq_erica
Lair:2:   layout_cellular_growth, minmay_shoals_entry_lonely_mermaid,
          spider_nest_entry_web_field
Lair:3:   layout_long_grid, uniq_fannar
Lair:4:   layout_cave_pods, gammafunk_ghost_hive, infiniplex_staircase_pool
Lair:5:   layout_roguey, minmay_slime_entry_jelly_boxes,
          grunt_forest_small_clearings, eino_house_with_fridge
Lair:6:   minmay_lair_end_frog_pond, layout_gridlike
Shoals:1: layout_shoals, argonaut_gorgonesque, uniq_aizul
Shoals:2: layout_shoals, serial_shops, nicolae_shop_hallway_stairs
Shoals:3: layout_shoals, uniq_kirke
Shoals:4: shoals_end_hellmonk_storm_palace [storm_palace_center_square,
          storm_palace_corner_pillars, storm_palace_corner_grid,
          storm_palace_corner_grid, storm_palace_corner_altar]
Spider:1: nicolae_spider_mines_2, drop_trap, uniq_mlioglotl
Spider:2: layout_spider_delve, uniq_asterion
Spider:3: layout_chambers
Spider:4: grunt_spider_rune_circles, gammafunk_ghost_arena, uniq_bai_suzhen
Orc:1:    cheibrodos_orc_bank, layout_diamond_mine, uniq_maurice
Orc:2:    st_orc_rangers, layout_caves, uniq_rupert
Elf:1:    minmay_the_grid_triangle_9x9_rhombus_full
          [minmay_the_grid_triangle_9x9_descending_squares,
          minmay_the_grid_triangle_9x9_longest,
          minmay_the_grid_triangle_9x9_wacky_v,
          minmay_the_grid_triangle_9x9_impossible_snake,
          minmay_the_grid_triangle_9x9_skeleton,
          minmay_the_grid_triangle_9x9_from_above,
          minmay_the_grid_triangle_9x9_tough_junction,
          minmay_the_grid_triangle_9x9_prize_center], layout_loops_corners,
          serial_shops, shop, hangedman_elf_represent, nrook_loot_triangle
Elf:2:    elven_hall_of_blades_hangedman_original
          [nicolae_blade_entry_floor_patterns], layout_loops_corners,
          serial_shops, nicolae_take_the_stairs, minivault_23, uniq_agnes
Elf:3:    minmay_elf_hall_circle, layout_geoelf_octagon, serial_shops, shop
Vaults:1: st_cells, vaults_mumra_minichess_inversion, v_pattern_2,
          nicolae_vaults_windows_and_doors_thing,
          vaults_room_grunt_arrival_ludios, nicolae_vaults_network_periphery,
          v_alt_pattern_5, nicolae_vaults_shelves_hall, ontoclasm_vaults_fault,
          nicolae_vaults_little_squares_4, layout_vaults_omnicross
Vaults:2: vaults_room_stairs_pillars, grunt_vaults_funnel,
          grunt_vaults_hallway_long, v_pattern_5,
          nicolae_vaults_border_crossing, v_rooms_3, vaults_room_fours,
          ontoclasm_vaults_misaligned, v_rooms_2, grunt_vaults_hallway_short,
          v_misc_23, layout_vaults_quadrants, serial_shops, shop
Vaults:3: vaults_room_corners, minmay_crypt_entry_vampire_xt,
          ontoclasm_vaults_ring_square, vaults_room_stairs_pillars,
          hangedman_vaults_snaps, v_misc_19, ontoclasm_vaults_ring_square,
          vaults_room_door_ring, nicolae_vaults_twisting_passages,
          ontoclasm_vaults_tryst, hangedman_vaults_stretched_pinwheel,
          ontoclasm_vaults_twist, v_misc_29, vaults_room_glass_cross,
          layout_vaults_ring
Vaults:4: hangedman_vaults_restitches, v_misc_1, nicolae_vaults_halls_meeting,
          ontoclasm_vaults_ring_small, vaults_room_fancy_cross,
          ontoclasm_vaults_shuriken, v_misc_14, v_rooms_1,
          nicolae_vaults_network_star, dpeg_vaults_monster_box,
          layout_vaults_omnibox
Crypt:1:  layout_misc_corridors, st_shrine_of_skulls
Crypt:2:  layout_basic, uniq_mennas, uniq_jory
Crypt:3:  quadcrypt_mu
Depths:1: layout_basic, kiku_gazebo_garden_becter, hell_entry,
          rand_demon_pan_entry_7, hangedman_corner_corridor
Depths:2: regret_index_dithmenos_brocken_genspenst, layout_cave_shapes,
          pf_coc_iceberg, pan_entry, infiniplex_staircase_river
Depths:3: minmay_textured_paths, layout_gridlike, abyss_entry_crystal,
          hell_entry, hangedman_decor_peaks_small,
          infiniplex_staircase_pillars_3b, uniq_mara, uniq_xtahua,
          uniq_frederick
Depths:4: grunt_twist_and_shout, layout_gridville, enter_ziggurat_b,
          gammafunk_ghost_tricky_traps, hell_entry, fake_guardian_serpent_vault,
          serial_bayou_shore_b

Skill      XL: |  1  2  3  4  5  6  7  8  9 10 11 12 13 14 15 16 17 18 19 20 21 22 23 |
---------------+----------------------------------------------------------------------+-----
Conjurations   | 5 6 7 9 10 11 12 13 14 15 16 17 18 19 20 | 20.0
Stealth        | 3 4 5 6 7 8 |  8.8
Dodging        | 3 4 5 6 7 8 |  8.2
Spellcasting   | 4 5 6 8 10 11 12 13 15 16 17 18 19 20 21 22 23 24 25 26 | 26.2
Fighting       | 1 2 3 |  3.6
Translocations | 3 5 7 8 9 10 11 12 13 | 13.5
Hexes          | 2 3 4 5 |  5.9
Necromancy     | 3 5 7 9 10 12 13 14 15 16 17 18 20 21 | 21.5
Short Blades   | 1 |  1.2
Evocations     | 3 5 8 9 10 11 12 13 14 15 16 17 | 17.2
Air Magic      | 1 2 3 4 5 |  5.3
Maces & Flails | 1 |  1.1
Earth Magic    | 1 3 4 5 6 7 8 9 10 11 | 11.4
Ice Magic      | 2 3 4 5 |  5.5
Shields        | 2 4 5 7 8 9 11 12 14 | 14.7
Armour         | 2 3 4 |  4.6
Summonings     | 1 |  1.2
Axes           | |  0.2
Staves         | |  0.9

Action                   |  1- 3 |  4- 6 |  7- 9 | 10-12 | 13-15 | 16-18 | 19-21 | 22-24 || total
-------------------------+-------+-------+-------+-------+-------+-------+-------+-------++-------
Melee: Dagger            |       |     1 |     4 |     5 |       |       |       |       ||    10
       Punch             |       |       |       |     1 |       |       |       |       ||     1
       Staff             |       |       |       |    23 |       |    11 |    10 |    25 ||    69
       War axe           |       |       |       |     4 |     1 |     4 |       |     3 ||    12
       Shillelagh        |       |       |       |       |    26 |       |       |       ||    26
 Cast: Magic Dart        |    77 |    57 |     1 |     5 |       |       |     1 |     5 ||   146
       Searing Ray       |       |    22 |    41 |    28 |     2 |       |     1 |       ||    94
       Iskenderun's Myst |       |       |    38 |   218 |   250 |   336 |   270 |   142 ||  1254
       Fulminant Prism   |       |       |    16 |   103 |    10 |       |       |       ||   129
       Borgnjor's Vile C |       |       |       |     3 |    86 |   107 |    55 |    40 ||   291
       Freezing Cloud    |       |       |       |       |   127 |    82 |    51 |    34 ||   294
       Dispel Undead     |       |       |       |       |     5 |    10 |   188 |    32 ||   235
       Orb of Destructio |       |       |       |       |    53 |   185 |    91 |    77 ||   406
       Iron Shot         |       |       |       |       |       |     6 |   301 |   290 ||   597
       Borgnjor's Revivi |       |       |       |       |       |       |     1 |       ||     1
       Sublimation of Bl |       |       |       |       |       |       |       |     1 ||     1
       Haunt             |       |       |       |       |       |       |       |     4 ||     4
Invok: Receive Forbidden |       |       |       |       |     1 |       |       |       ||     1
       Torment           |       |       |       |       |       |     1 |       |       ||     1
Evoke: Wand              |       |       |       |     3 |     2 |     2 |     5 |     5 ||    17
       Phantom mirror    |       |       |       |       |       |       |       |     1 ||     1
  Use: Scroll            |       |       |       |    21 |     5 |    17 |     7 |    11 ||    61
       Potion            |       |       |       |       |     1 |     2 |     1 |    14 ||    18
 Stab: Sleeping          |       |       |     4 |     2 |     1 |       |       |       ||     7
       Distracted        |       |       |       |       |       |     1 |     1 |       ||     2
Armor: Robe              |     1 |     3 |    11 |     2 |       |       |       |       ||    17
       Steam dragon scal |       |       |       |    72 |    49 |       |       |       ||   121
       Troll leather arm |       |       |       |       |    20 |    62 |   122 |    88 ||   292
       Skin              |       |       |       |       |       |       |       |     6 ||     6
Dodge: Dodged            |     4 |    13 |    41 |   112 |   154 |   127 |   155 |    83 ||   689
Block: Kite shield       |       |       |       |       |    58 |   178 |   286 |   181 ||   703
